 Dungeon Crawl Stone Soup version 0.29.1-15-g9cfb28693d (webtiles) character file.

Game seed: 18086016123377098344

41 H0rd4k the Charlatan (level 3, -1/24 HPs)
             Began as an Octopode Artificer on Apr 3, 2023.
             Succumbed to an adder's poison
             ... on level 2 of the Dungeon.
             The game lasted 00:00:59 (1445 turns).

H0rd4k the Charlatan (Octopode Artificer)           Turns: 1445, Time: 00:01:00

Health: -1/24      AC:  1    Str: 11    XL:     3   Next: 52%
Magic:  5/5        EV: 13    Int: 15    God:
Gold:   48         SH:  0    Dex: 12    Spells: 5/5 levels left

rFire   . . .      SeeInvis .     - Unarmed
rCold   . . .      Faith    .   (no shield)
rNeg    . . .      Spirit   .   (helmet restricted)
rPois   .          Reflect  .   (no amulet)
rElec   .          Harm     .   (no ring)
rCorr   .          Rampage  .   (no ring)
Will    .....                   (no ring)
Stlth   +++.......              (no ring)
HPRegen 0.08/turn               (no ring)
MPRegen 0.09/turn               (no ring)
                                (no ring)
                                (no ring)

@: lethally poisoned (-1 -> -8)
A: almost no armour, amphibious, 8 rings, camouflage 1, gelatinous body 1,
(nimble swimmer 1), tentacles
a: no special abilities


You were on level 2 of the Dungeon.
You visited 1 branch of the dungeon, and saw 2 of its levels.

You collected 48 gold pieces.

Inventory:

Jewellery
 k - a ring of poison resistance
Wands
 b - a wand of flame (15) (quivered)
 c - a wand of charming (13)
 d - a wand of iceblast (5)
Scrolls
 a - a scroll of vulnerability {unknown}
 e - a scroll of enchant weapon {unknown}
 f - a scroll of fear {unknown}
 h - a scroll of acquirement {unknown}
Potions
 g - a potion of heal wounds {unknown}
 i - 2 potions of flight {unknown}
 j - a potion of resistance {unknown}


   Skills:
 * Level 2.0 Fighting
 - Level 2.3 Dodging
 - Level 1.3 Stealth
 + Level 1.0 Unarmed Combat
 * Level 1.7 Spellcasting
 - Level 3.2 Evocations


You had 5 spell levels left.
You didn't know any spells.
Your spell library contained the following spells:

 Spells                   Type           Power      Damage    Failure   Level
 Beastly Appendage        Tmut           2%         N/A       22%         1
 Wereblood                Tmut           1%         N/A       34%         2
 Spider Form              Tmut/Pois      1%         N/A       56%         3


Dungeon Overview and Level Annotations

Branches:
Dungeon (2/15)

Altars:

Shops:
D:1 =


Innate Abilities, Weirdness & Mutations

You cannot wear most types of armour.
You are amphibious.
You can wear up to eight rings at the same time.
Your skin changes colour to match your surroundings (Stealth+).
Your rubbery body absorbs attacks. (AC +1, EV +1)
((You are camouflaged when in or above water. (Stealth+)))
You have tentacles for arms and can constrict up to eight enemies at once.


Message History

Key pressed, stopping explore.
You are too injured to fight recklessly!
Key pressed, stopping explore.
You are too injured to fight recklessly!
An adder is nearby!
You are too injured to fight recklessly!
An adder is nearby!
You are too injured to fight recklessly!
An adder is nearby!
You are too injured to fight recklessly!
You are too injured to fight recklessly!
An adder is nearby!
The adder hisses angrily.
You tentacle-slap the adder. Your grab misses the adder.
The adder is lightly wounded.
The adder bites you.
* * * LOW HITPOINT WARNING * * *
You are poisoned.
The adder poisons you!
You miss the adder. You grab the adder.
The adder is lightly wounded.
You constrict the adder.
You feel sick. The adder closely misses you.
You tentacle-slap the adder.
The adder is moderately wounded.
You constrict the adder.
You feel sick. The adder bites you.
* * * LOW HITPOINT WARNING * * *
You are lethally poisoned!
The adder poisons you! The adder misses you.
Aiming: Charm
Press: ? - help, Shift-Dir - straight line, f - adder
Aim: an adder (heavily wounded, constricted by you, chance to affect: 66%)
The adder struggles to resist.
You constrict the adder.
* * * LOW HITPOINT WARNING * * *
You feel sick. The adder misses you.
Unknown command.
Aiming: Charm
Press: ? - help, Shift-Dir - straight line, f/p - adder
Aim: an adder (heavily wounded, constricted by you, chance to affect: 66%)
The adder struggles to resist.
You constrict the adder.
You die...

.. ♣...♣ ♣...♣ ♣...♣ ♣
... ♣P..♣ ♣P.P♣ ♣P..♣ ♣
..P♣♣♣P.P♣♣♣..P♣♣♣..P♣♣♣
..P.P.P.PPP...PP..P...P.
.....)..................
.....P..P...P.P..P..P.P.
...♣♣♣...♣♣♣..P♣♣♣..P♣♣♣
.


♣PSP♣ ♣...♣ ♣..P♣ ♣ ♣.@P♣ ♣P..♣♣♣...♣♣♣ ........P..P..PP....P.†.
........................ ######################## You could see an adder.

Vanquished Creatures
  An adder (D:2)
  A dart slug (D:1)
  4 bats (D:1)
  3 endoplasms (D:1)
  2 giant cockroaches
  2 goblins (D:1)
  2 hobgoblins (D:1)
  A quokka (D:1)
  2 ball pythons
  4 frilled lizards (D:1)
  2 kobolds
  4 rats
28 creatures vanquished.

Vanquished Creatures (others)
  10 plants (D:2)
10 creatures vanquished.

Grand Total: 38 creatures vanquished

Notes
Turn   | Place    | Note
-------+----------+-------------------------------------------
     0 | D:1      | H0rd4k the Octopode Artificer began the quest for the Orb.
     0 | D:1      | Reached XP level 1. HP: 13/13 MP: 1/1
   193 | D:1      | Reached skill level 1 in Spellcasting
   353 | D:1      | Reached XP level 2. HP: 18/18 MP: 3/3
   358 | D:1      | Found Baanoe's Jewellery Shoppe.
   910 | D:1      | Reached XP level 3. HP: 9/24 MP: 5/5
  1226 | D:1      | Found a faded altar of an unknown god.
  1414 | D:2      | Reached skill level 1 in Unarmed Combat
  1444 | D:2      | HP: 1/24 [poisoned by an adder]
  1445 | D:2      | Succumbed to an adder's poison

Illustrated notes

Levels and vault maps discovered:
D:1:      nzn_arrival_settlement, layout_rooms,
          shapermc_ecumenical_altar_mp_vishouse, serial_shops, shop
D:2:      kennysheep_six_static_rooms, layout_basic, kennysheep_boxes

Skill      XL: |  1  2  3 |
---------------+----------+-----
Spellcasting   | 1 |  1.7
Fighting       | 2 |  2.0
Unarmed Combat | 1 |  1.0
Dodging        | |  2.3
Stealth        | |  1.3
Evocations     | |  3.2

Action                   || total
-------------------------++-------
Melee: Unarmed           ||    73
       Constrict         ||    22
       Tentacles         ||    12
Evoke: Wand              ||     2
 Stab: Sleeping          ||    11
Armor: Skin              ||     6
Dodge: Dodged            ||    43
